 Dungeon Crawl Stone Soup version 0.31-a0-105-gc0b45f0da6 (webtiles) character file.

Game seed: 18079860596979979443

1851976 Kenran the Minotaur Barricade (level 25, 224/224 HPs)
             Began as a Minotaur Monk on May 27, 2023.
             Was the Champion of Wu Jian.
             Escaped with the Orb
             ... and 3 runes!
             The game lasted 01:43:04 (55109 turns).

Kenran the Minotaur Barricade (Minotaur Monk)      Turns: 55109, Time: 01:43:04

Health: 224/224    AC: 49    Str: 33    XL:     25   Next: 65%
Magic:  22/22      EV: 24    Int:  3    God:    Wu Jian [******]
Gold:   3608       SH: 30    Dex: 17    Spells: 24/24 levels left

rFire   + + +        b - +9 demon trident (drain)
rCold   + + .        L - +4 tower shield of the Tormentor {rElec rPois Str+3}
rNeg    + . .        s - +15 Maxwell's patent armour {-Cast -Tele rElec Will+ rCorr}
rPois   +            t - +1 hat of Impressiveness {rF+ Slay+5}
rElec   +            f - +2 cloak {Will+}
rCorr   +            g - +2 pair of gloves {hurl}
SInv    .            H - +1 pair of boots "Tuymioss" {rN+ Will+}
Will    +++++        i - amulet of regeneration Stlth
                     X - ring "Natear" {rPois rF++ rC+ Will+ Int-2}
HPRegen 1.37/turn    V - +5 ring of evasion
MPRegen 0.18/turn

%: no teleportation, no spellcasting
@: no status effects
A: horns 2, retaliatory headbutt, iridescent scales 1, cold resistance 1, frail
1, sense surroundings 1, strong 2
0: Orb of Zot
}: 3/15 runes: decaying, abyssal, gossamer
a: Renounce Religion, Wall Jump, Serpent's Lash, Heavenly Storm


You escaped.
You worshipped Wu Jian.
Wu Jian was exalted by your worship.
You visited 11 branches of the dungeon, and saw 48 of its levels.
You visited the Abyss 1 time.
You also visited: Ossuary and Desolation.

You collected 6806 gold pieces.
You spent 3198 gold pieces at shops.

Inventory:

Hand Weapons
 a - the +7 lajatang of Order {silver, rMut}
   (You took it off a deep elf pyromancer on level 9 of the Dungeon)

   rMut:      It protects you from mutation.
 b - a +9 demon trident of draining (weapon)
Armour
 f - a +2 cloak of willpower (worn)
 g - a +2 pair of gloves of hurling (worn)
 s - the +15 Maxwell's patent armour (worn) {-Cast -Tele rElec Will+ rCorr}
   (You found it in the Desolation of Salt)

   rElec:     It insulates you from electricity.
   -Cast:     It prevents spellcasting.
   -Tele:     It prevents most forms of teleportation.
   rCorr:     It protects you from acid and corrosion.
   Will:      It increases your willpower.
 t - the +1 hat of Impressiveness (worn) {rF+ Slay+5}
   (You acquired it on level 2 of the Dungeon)

   Slay:      It affects your accuracy & damage with ranged weapons and melee
   (+5).
   rF:        It protects you from fire.
 H - the +1 pair of boots "Tuymioss" (worn) {rN+ Will+}
   (You found it on level 1 of the Elven Halls)

   rN:        It protects you from negative energy.
   Will:      It increases your willpower.
 L - the +4 tower shield of the Tormentor (worn) {rElec rPois Str+3}
   (You took it off Louise on level 4 of the Swamp)

   Str:       It affects your strength (+3).
   rElec:     It insulates you from electricity.
   rPois:     It protects you from poison.
 P - the +10 tower shield of Ignorance {rN+ Int-4}
   (You acquired it on level 2 of the Realm of Zot)

   Int:       It affects your intelligence (-4).
   rN:        It protects you from negative energy.
Jewellery
 i - an amulet of regeneration (around neck)
 l - the ring of the Trout {*Corrode rPois rF+ rN+++ SInv}
   (You found it in the Desolation of Salt)

   [ring of see invisible]

   rF:        It protects you from fire.
   rPois:     It protects you from poison.
   rN:        It renders you almost immune to negative energy.
   SInv:      It lets you see invisible.
   *Corrode:  It may corrode you when you take damage.
 V - a +5 ring of evasion (right hand)
 X - the ring "Natear" (left hand) {rPois rF++ rC+ Will+ Int-2}
   (You found it in the Desolation of Salt)

   [ring of poison resistance]

   Int:       It affects your intelligence (-2).
   rF:        It greatly protects you from fire.
   rC:        It protects you from cold.
   rPois:     It protects you from poison.
   Will:      It increases your willpower.
 Y - the ring of Celugety {Wiz rPois Will+}
   (You found it on level 2 of the Realm of Zot)

   [ring of wizardry]

   It improves your spell success rate.
   rPois:     It protects you from poison.
   Will:      It increases your willpower.
Wands
 e - a wand of polymorph (25)
 z - a wand of light (54)
 C - a wand of flame (111)
 D - a wand of roots (35)
 K - a wand of mindburst (48)
 R - a wand of charming (35)
 S - a wand of digging (11)
Scrolls
 h - 14 scrolls of teleportation
 n - 4 scrolls of butterflies
 p - 2 scrolls of enchant weapon
 q - 8 scrolls of immolation {!r}
 r - 4 scrolls of fear
 u - 7 scrolls of blinking
 y - 11 scrolls of fog
 B - 3 scrolls of magic mapping
 O - 9 scrolls of poison {!r}
Potions
 c - 11 potions of ambrosia
 d - 3 potions of resistance
 j - 4 potions of might
 m - 4 potions of mutation {!q}
 o - 18 potions of curing {@q1}
 v - 15 potions of brilliance
 x - 3 potions of haste
 A - 9 potions of lignification {!q}
 E - 8 potions of attraction {!q}
 F - 4 potions of magic
 G - 5 potions of cancellation
 I - 3 potions of berserk rage {!q}
 M - 5 potions of invisibility
 U - 3 potions of enlightenment
 W - 3 potions of heal wounds {@q2}
Miscellaneous
 k - a piece from Xom's chessboard (15/15)
 w - a phantom mirror
 J - a lightning rod (4/4)
 N - a condenser vane
 Q - a phial of floods
 T - a box of beasts


   Skills:
 - Level 25.1 Fighting
 - Level 14.3(15.7) Polearms
 - Level 10.7(14.0) Staves
 - Level 23.4 Armour
 - Level 18.3 Dodging
 O Level 27 Shields
 + Level 20.1 Evocations


You had 24 spell levels left.
You didn't know any spells.
Your spell library contained the following spells:

 Spells                   Type           Power      Damage    Failure   Level
 Apportation              Tloc           0%         N/A       88%         1
 Foxfire                  Conj/Fire      0%         2x1d4     88%         1
 Freeze                   Ice            0%         1d3       88%         1
 Kiss of Death            Conj/Necr      0%         2d5       88%         1
 Necrotise                Necr           0%         1d4       88%         1
 Shock                    Conj/Air       0%         1d3       88%         1
 Sting                    Tmut/Pois      0%         1d3       88%         1
 Blink                    Tloc           0%         N/A       95%         2
 Ensorcelled Hibernation  Hex/Ice        0%         N/A       95%         2
 Lesser Beckoning         Tloc           0%         N/A       95%         2
 Momentum Strike          Conj/Tloc      0%         3d8       95%         2
 Poisonous Vapours        Pois/Air       0%         N/A       95%         2
 Static Discharge         Conj/Air       0%         2-2/arc   95%         2
 Sublimation of Blood     Necr           0%         N/A       95%         2
 Call Canine Familiar     Summ           0%         N/A       99%         3
 Dazzling Flash           Conj/Hex       0%         N/A       99%         3
 Frozen Ramparts          Ice            0%         1d1       99%         3
 Hailstorm                Conj/Ice       0%         3d3       99%         3
 Ignite Poison            Fire/Tmut/Pois 0%         N/A       99%         3
 Inner Flame              Hex/Fire       0%         N/A       99%         3
 Portal Projectile        Hex/Tloc       0%         N/A       99%         3
 Spider Form              Tmut/Pois      0%         N/A       99%         3
 Swiftness                Air            0%         N/A       99%         3
 Vampiric Draining        Necr           0%         2d6       99%         3
 Vhi's Electric Charge    Tloc/Air       0%         N/A       99%         3
 Volatile Blastmotes      Fire/Tloc      0%         2d10      99%         3
 Airstrike                Air            0%         2d(0-16)  100%        4
 Anguish                  Hex/Necr       0%         N/A       100%        4
 Animate Armour           Summ/Erth      0%         N/A       100%        4
 Animate Dead             Necr           0%         N/A       100%        4
 Fulminant Prism          Conj/Hex       0%         3d5       100%        4
 Iskenderun's Mystic Bla  Conj/Tloc      0%         2d3       100%        4
 Leda's Liquefaction      Hex/Erth       0%         N/A       100%        4
 Olgreb's Toxic Radiance  Pois           0%         N/A       100%        4
 Petrify                  Tmut/Erth      0%         N/A       100%        4
 Sticky Flame             Conj/Fire      0%         2d3       100%        4
 Summon Lightning Spire   Summ/Air       0%         N/A       100%        4
 Agony                    Necr           0%         N/A       100%        5
 Alistair's Intoxication  Tmut/Pois      0%         N/A       100%        5
 Arcjolt                  Conj/Air       0%         1d10      100%        5
 Blade Hands              Tmut           0%         N/A       100%        5
 Borgnjor's Vile Clutch   Necr/Erth      0%         N/A       100%        5
 Fireball                 Conj/Fire      0%         3d3       100%        5
 Irradiate                Conj/Tmut      0%         3d11      100%        5
 Lee's Rapid Deconstruct  Erth           0%         3d4*      100%        5
 Metabolic Englaciation   Hex/Ice        0%         N/A       100%        5
 Summon Forest            Summ/Tloc      0%         N/A       100%        5
 Summon Mana Viper        Hex/Summ       0%         N/A       100%        5
 Yara's Violent Unravell  Hex/Tmut       0%         3d3       100%        5
 Death Channel            Necr           0%         N/A       100%        6
 Eringya's Noxious Bog    Tmut/Pois      0%         N/A       100%        6
 Leda's Unmaking          Conj/Erth      0%         9d1       100%        6
 Plasma Beam              Fire/Air       0%         2x1d11    100%        6
 Starburst                Conj/Fire      0%         6d3       100%        6
 Statue Form              Tmut/Erth      0%         N/A       100%        6
 Summon Cactus Giant      Summ           0%         N/A       100%        6
 Enfeeble                 Hex            0%         N/A       100%        7
 Haunt                    Necr/Summ      0%         N/A       100%        7
 Orb of Destruction       Conj           0%         9d5       100%        7
 Spellforged Servitor     Conj/Summ      0%         N/A       100%        7
 Borgnjor's Revivificati  Necr           0%         N/A       100%        8
 Ignition                 Fire           0%         3d3       100%        8
 Infestation              Necr           0%         N/A       100%        8
 Lehudib's Crystal Spear  Conj/Erth      0%         10d2      100%        8
 Chain Lightning          Conj/Air       0%         N/A       100%        9
 Fire Storm               Conj/Fire      0%         5d1       100%        9
 Shatter                  Erth           0%         3d5*      100%        9


Dungeon Overview and Level Annotations

Branches:
Dungeon (15/15)            Temple (1/1) D:6            Lair (5/5) D:11
  Swamp (4/4) Lair:2       Spider (4/4) Lair:3        Slime (1/5) Lair:4
    Orc (2/2) D:11            Elf (3/3) Orc:2        Vaults (4/5) D:13
  Crypt (0/3) Vaults:3     Depths (4/4) D:15            Zot (5/5) Depths:4
Ossuary (visited)         Desolation (visited)

Altars:
Ashenzari
Cheibriados
Dithmenos
Elyvilon
Fedhas
Gozag
Hepliaklqana
Kikubaaqudgha
Makhleb
Nemelex Xobeh
Okawaru
Qazlal
Ru
Sif Muna
Trog
Uskayaw
Vehumet
Wu Jian
Xom
Yredelemnul
Zin
The Shining One
Jiyva

Shops:
D:2 ((?*   D:5 (   Orc:1 *   Orc:2 [(*=   Elf:1 [   Elf:3 *   Vaults:4 [
Depths:4 (

Portals:
Hell: Depths:1 Depths:2 Depths:3 Depths:4
Abyss: Depths:3
Pandemonium: Depths:1 Depths:2
Ziggurat: Depths:3

Annotations:
D:5 1 runed translucent door, Crazy Yiuf
D:6 exclusion: statue
D:9 5 runed translucent doors
D:10 1 exclusion
D:14 Roxanne
D:15 3 runed translucent doors, blade888's ghost, adept FoHu
Lair:4 exclusion: downstairs
Spider:3 3 runed translucent doors, Ympuan's ghost, adept DsFi
Zot:1 36 runed doors


Innate Abilities, Weirdness & Mutations

You have a pair of horns on your head.
You reflexively headbutt those who attack you in melee.
You are partially covered in iridescent scales. (AC +2)
Your flesh is cold resistant. (rC+)
You are frail. (-10% HP)
You passively map a small area around you.
Your muscles are very strong. (Str +8, Int/Dex -2)


Message History

You impale Itsoefee!!
You kill Itsoefee!
The Council accepts your kill.
There is an escape hatch in the ceiling here.
Really go through this one-way escape hatch?
A mysterious force pulls you upwards. The hatch slams shut behind you.
There is a stone staircase leading up here.
You climb upwards.
There is a stone staircase leading down here.
There is a stone staircase leading up here.
You climb upwards.
Level annotation: exclusion: statue
There is a stone staircase leading down, spattered with blood here.
Things that are here:
a +0 leather armour; a +0 mace; a +0 dagger An Orb Guardian comes into view.
There is a stone staircase leading up here.
You climb upwards.
Level annotation: 1 runed translucent door, Crazy Yiuf
There is a stone staircase leading down here.
Your extra speed is starting to run out.
There is a stone staircase leading up here.
You climb upwards.
There is a stone staircase leading down here.
HP restored.
You feel yourself slow down.
There is a stone staircase leading up here.
You climb upwards.
There is a stone staircase leading down here.
There is an open door here.
You feel a little less mighty now.
There is a stone staircase leading up here.
You climb upwards.
There is a stone staircase leading down here.
There is a stone staircase leading up here.
You climb upwards.
There is a stone staircase leading down here.
There is an open gate here.
There is a staircase leading out of the dungeon here.
You have escaped!

###.##### #.# #.# #.#
#.# >.......####.# #.#
#.# #.# .............###
#.# #.# #.#
###.###.####...###.#
##.####.# #.#
#.######..##.# #.......#
#.#
#.#..........###..######
#.# #......##'''##.#..#
#.# ###.##.#.....#....#
#.# #.##.#..@..#...##
###.# #.##.#.....#....#
....# #.##.#.....#....#
##### #.##.##+++##....#
#.##..........###
#.#####.#####.#
#########.#####.#####.#
......................#
#######################


There were no monsters in sight!

Vanquished Creatures
  Mara (Swamp:3)
  An ancient lich (Zot:5)
  4 orbs of fire
  A juggernaut (Depths:4)
  A pandemonium lord (D:9)
  Mennas (Vaults:3)
  Sojobo (Depths:2)
  Frederick (Vaults:4)
  Saint Roka (Elf:3)
  4 Killer Klowns
  Nikola (Swamp:4)
  6 golden dragons
  A profane servitor (Abyss:2)
  3 bone dragons
  An electric golem (Zot:5)
  A hellephant (Zot:1)
  Mlioglotl (Spider:2)
  17 tentacled monstrosities
  Rupert (D:15)
  3 liches
  24 Orb Guardians
  2 deep elf blademasters (Elf:3)
  Asterion (Spider:2)
  8 quicksilver dragons
  Frances (Lair:2)
  11 tentacled starspawn
  2 deep elf master archers (Elf:3)
  14 death cobs
  Kirke (Spider:2)
  3 sphinxes
  15 storm dragons
  A thorn hunter (Swamp:3)
  2 tengu reavers
  Donald (Vaults:1)
  5 shadow dragons
  3 draconian knights
  A revenant (Abyss:2)
  3 draconian monks
  3 fire giants
  Louise (Swamp:4)
  9 draconian scorchers
  5 deep elf sorcerers (Elf:3)
  3 balrugs
  4 frost giants
  3 emperor scorpions
  An emperor scorpion (shapeshifter) (Zot:2)
  5 vault wardens
  2 imperial myrmidons (Desolation)
  A juggernaut zombie (Depths:3)
  10 ghost moths
  12 draconian shifters
  A shard shrike simulacrum (Abyss:3)
  A curse skull (Zot:2)
  2 reapers
  7 draconian stormcallers
  A deep elf elementalist (Elf:3)
  7 draconian annihilators
  A cacodemon (Abyss:2)
  A juggernaut skeleton (Depths:3)
  10 stone giants
  2 broodmothers
  2 spriggan defenders (Depths:2)
  4 orc warlords
  A formless jellyfish (Vaults:2)
  16 ironbound preservers
  36 very ugly things
  4 starflowers (Abyss:3)
  A caustic shrike skeleton (Depths:1)
  6 ironbound thunderhulks
  5 deep elf demonologists (Elf:3)
  15 green draconians
  A lorocyproca (Zot:2)
  3 bunyips
  2 eleionomae
  A black draconian (shapeshifter) (Zot:2)
  The ghost of dazzle the Ogre Mage, a journeyman OgCj of Ru (Orc:1)
  4 dire elephants
  8 deep elf annihilators
  15 red draconians
  10 white draconians
  Nessos (D:12)
  8 purple draconians
  9 spark wasps
  A red draconian (shapeshifter) (Zot:2)
  9 black draconians
  14 yellow draconians
  9 fire dragons
  8 ettins
  9 deep elf death magi
  12 ragged hierophants (Desolation)
  A spectral golden dragon (Depths:3)
  2 shambling mangroves (Swamp:4)
  5 crystal guardians
  6 jiangshi
  7 yaktaur captains
  8 great orbs of eyes
  The ghost of gyole the Skirmisher, a journeyman SpHu of Fedhas (Lair:4)
  3 deep elf high priests (Elf:3)
  A spriggan zombie (Abyss:3)
  5 entropy weavers
  A great orb of eyes (shapeshifter) (Zot:2)
  5 rakshasas
  25 hydras
  10 ice dragons
  12 ironbound frosthearts
  5 spriggan air magi
  2 jorogumos (Spider:3)
  12 peacekeepers
  5 vault guards (Vaults:3)
  A spectral shadow dragon (Depths:3)
  2 ghost crabs
  A hell beast (Zot:3)
  7 servants of whispers (Desolation)
  2 death knights (Vaults:3)
  2 catoblepae (shapeshifter) (Zot:2)
  10 boulder beetles
  17 centaur warriors
  A spectral fire giant (Depths:3)
  9 two-headed ogres
  9 alligators
  2 radroaches
  17 dancing weapons
  6 death yaks
  An alligator (shapeshifter) (Elf:2)
  6 tengu warriors
  5 spriggan berserkers
  9 deep troll earth magi
  3 deep troll shamans
  6 vampire magi
  4 hell hogs (Abyss:2)
  A naga warrior (Abyss:3)
  A death scarab (Spider:3)
  2 thrashing horrors (Abyss:3)
  3 orc high priests
  Urug (Orc:2)
  2 soul eaters
  Nergalle (D:11)
  3 skysharks
  10 deep elf knights
  11 wretched stars
  6 hell knights
  A storm dragon zombie (Depths:3)
  2 sixfirhies (Abyss:3)
  5 pharaoh ants
  3 spatial maelstroms (Abyss:3)
  10 iron trolls
  4 sun demons (Depths:2)
  3 titan skeletons (Depths:3)
  A fire crab (shapeshifter) (Abyss:3)
  2 glowing orange brains
  5 goliath frogs
  2 shadow demons
  4 bog bodies
  A death drake (Swamp:4)
  A golden dragon zombie (Depths:3)
  55 deep trolls
  2 sun moths
  6 spriggan druids
  13 swamp dragons
  A spectral spark wasp (Depths:3)
  21 orb spiders
  4 flayed ghosts (Depths:3)
  A spectral iron dragon (Depths:3)
  8 deep elf archers
  3 steelbarb worms
  4 lindwurms
  A phantasmal warrior (Vaults:4)
  19 deep elf zephyrmancers
  7 necromancers
  12 wizards
  18 deep elf pyromancers
  A golden dragon skeleton (Depths:1)
  20 wolf spiders
  17 ironbound convokers
  A stone giant zombie (Depths:1)
  5 orc knights
  A manticore (D:14)
  5 will-o-the-wisps
  8 cyclopes
  An iron dragon skeleton (Depths:3)
  5 orc sorcerers
  59 ugly things
  2 tengu skeletons (Depths:3)
  3 worldbinders (Abyss:3)
  5 elephants (Lair:5)
  A stone giant skeleton (Abyss:3)
  38 moths of wrath
  3 orange demons
  4 black mambas
  6 guardian serpents
  3 rust devils
  A fire giant skeleton (Depths:1)
  6 smoke demons
  12 vault sentinels
  8 demonic crawlers
  4 molten gargoyles
  An unseen horror (D:11)
  2 torpor snails
  7 cane toads
  2 gargoyles
  2 rime drakes
  A kobold demonologist (D:9)
  12 komodo dragons
  A komodo dragon (shapeshifter) (D:9)
  2 tengu conjurers
  2 ice devils
  9 ancient zymes
  9 yaktaurs
  2 freezing wraiths
  A red devil (D:11)
  2 tormentors
  5 tyrant leeches
  A hellwing (Depths:1)
  3 meliai
  7 trolls
  2 polar bears
  4 tengu simulacra (Depths:3)
  3 spriggan skeletons
  3 blink frogs (Abyss:3)
  A sphinx simulacrum (Depths:3)
  18 hornets
  69 saltlings (Desolation)
  29 tarantellas
  A blink frog (shapeshifter) (Elf:2)
  2 iron dragon simulacra (Depths:3)
  16 raiju
  A harpy skeleton (Abyss:3)
  39 slime creatures
  3 flying skulls (Abyss:3)
  2 air elementals
  5 water elementals
  30 jumping spiders
  2 ynoxinuls
  15 culicivoras
  10 yaks
  A shadow (D:10)
  16 spriggans
  A wraith (D:9)
  2 vampires
  6 wyverns
  15 basilisks
  4 fire elementals
  70 redbacks
  2 neqoxecs (Abyss:3)
  6 golden eyes (Abyss:3)
  7 vampire mosquitoes
  4 chaos spawn
  8 steam dragons
  3 hogs (Spider:2)
  A naga zombie (Abyss:3)
  2 spatial vortices (Abyss:3)
  15 swamp worms
  5 wargs
  A naga (Abyss:3)
  3 acid dragons
  2 glowing shapeshifter zombies (Depths:3)
  4 hell hounds (Lair:5)
  9 water moccasins
  6 swamp drakes
  34 orc warriors
  9 ogres
  3 wolves (Lair:4)
  5 sky beasts
  7 small abominations
  7 boggarts
  17 large abominations
  6 centaurs
  15 starcursed masses (Abyss:3)
  2 phantoms
  A kobold brigand (D:7)
  13 bullfrogs
  6 scorpions
  A human simulacrum (Depths:3)
  10 wights
  4 killer bees (D:11)
  4 electric eels
  3 howler monkeys
  5 lava snakes (Lair:5)
  3 centaur zombies (Ossuary)
  3 hounds
  4 quasits
  2 human zombies (Ossuary)
  2 jellies
  2 gnoll boudas
  28 orc priests
  6 iguanas
  26 orc wizards
  4 spriggan simulacra (Orc:1)
  2 troll simulacra (Orc:1)
  2 mummies (Ossuary)
  Robin (D:4)
  12 gnolls
  7 adders
  2 naga simulacra (Orc:1)
  2 white imps
  2 ufetubi
  92 orcs
  8 endoplasms
  4 giant cockroaches
  9 hobgoblins
  3 jackals (D:2)
  4 quokkas
  3 training dummies (Depths:4)
  3 ball pythons
  5 bats
  A frilled lizard (D:3)
  11 goblins
  10 kobolds
  A kobold zombie (Ossuary)
  2 orc zombies (Ossuary)
  7 rats
  A butterfly (Zot:2)
  3 lurking horrors
  9 starspawn tentacles (Abyss:3)
2128 creatures vanquished.

Vanquished Creatures (others)
  A lich (Depths:3)
  A deep elf blademaster (Elf:2)
  A draconian knight (Zot:5)
  An eleionoma (Swamp:4)
  A deep elf knight (Elf:3)
  A bog body (Swamp:4)
  A wizard (Vaults:2)
  A deep elf zephyrmancer (Elf:2)
  3 bloated husks
  2 tyrant leeches
  2 raiju
  A spriggan (Swamp:4)
  An orc (D:7)
  A kobold (D:7)
  20 foxfires
  A lurking horror (Abyss:2)
  21 starspawn tentacles
60 creatures vanquished.

Grand Total: 2188 creatures vanquished

Notes
Turn   | Place    | Note
-------+----------+-------------------------------------------
     0 | D:1      | Kenran the Minotaur Monk began the quest for the Orb.
     0 | D:1      | Reached XP level 1. HP: 19/19 MP: 0/0
   274 | D:1      | Reached XP level 2. HP: 26/26 MP: 1/1
   588 | D:2      | Found Daaxen's Weapon Emporium.
   600 | D:2      | Reached skill level 5 in Polearms
   604 | D:2      | Found Ynoask's Antique Weapon Boutique.
   607 | D:2      | Reached XP level 3. HP: 31/31 MP: 2/2
   729 | D:2      | Reached XP level 4. HP: 39/39 MP: 3/3
   736 | D:2      | Identified the +5 mace "Gecvemiy" {flame, rElec Will-
                  | Dex+3}
   799 | D:2      | Found Vokame's Magic Scroll Shoppe.
   915 | D:2      | Found Quoguibadu's General Store.
   945 | D:2      | Found an iron altar of Okawaru.
  1035 | D:2      | Bought a potion of curing for 39 gold pieces
  1910 | D:3      | Found a sacrificial altar of Ru.
  1910 | D:3      | Found a sparkling altar of Nemelex Xobeh.
  2069 | D:3      | Reached XP level 5. HP: 33/45 MP: 2/4
  2196 | D:4      | Noticed Robin
  2217 | D:4      | Killed Robin
  2318 | D:4      | Reached XP level 6. HP: 44/51 MP: 5/5
  2494 | D:4      | Found a broken altar of Ashenzari.
  2678 | D:5      | Entered Level 5 of the Dungeon
  2749 | D:5      | Found a white marble altar of Elyvilon.
  2832 | D:5      | Reached XP level 7. HP: 55/57 MP: 6/6
  2840 | D:5      | Found Nyhek's Antique Weapon Boutique.
  2848 | D:5      | Reached skill level 10 in Polearms
  2880 | D:5      | Reached skill level 5 in Fighting
  3281 | D:5      | Identified the +6 hammer "Hydraslayer" {drain, Dex+5}
  3285 | D:5      | Found a runed translucent door.
  3286 | D:5      | Noticed Crazy Yiuf
  3673 | D:6      | Reached XP level 8. HP: 67/70 MP: 7/7
  3895 | D:6      | Found a radiant altar of Vehumet.
  3986 | D:6      | Reached skill level 1 in Armour
  4359 | D:6      | Found a staircase to the Ecumenical Temple.
  4371 | Temple   | Entered the Ecumenical Temple
  4395 | Temple   | Became a worshipper of the Wu Jian Council
  4395 | Temple   | Reached * piety under Wu Jian
  4395 | Temple   | Reached ** piety under Wu Jian
  4509 | D:7      | Reached skill level 5 in Armour
  4557 | D:7      | Found a hide-covered altar of Uskayaw.
  4598 | D:7      | Reached XP level 9. HP: 23/75 MP: 5/8
  4709 | D:7      | Found a hazy altar of Hepliaklqana.
  4736 | D:7      | Found a sand-covered staircase.
  4742 | Ossuary  | Entered an ossuary
  5604 | D:8      | Reached skill level 10 in Fighting
  5611 | D:8      | Reached *** piety under Wu Jian
  5938 | D:8      | Reached XP level 10. HP: 26/93 MP: 3/9
  6761 | D:9      | Found a blossoming altar of Fedhas.
  6883 | D:9      | Found a basalt altar of Yredelemnul.
  6986 | D:9      | Found a shimmering blue altar of Sif Muna.
  7169 | D:9      | Found a runed translucent door.
  7169 | D:9      | Noticed a boulder beetle
  7187 | D:9      | Killed a boulder beetle
  7246 | D:9      | Identified the staff of air "Vamelehu" {rElec Stlth+}
  7299 | D:9      | Found a runed translucent door.
  7299 | D:9      | Found a runed translucent door.
  7309 | D:9      | Reached **** piety under Wu Jian
  7396 | D:9      | Found a runed translucent door.
  7396 | D:9      | Noticed a deep troll
  7396 | D:9      | Noticed a manticore
  7397 | D:9      | Found a runed translucent door.
  7397 | D:9      | Noticed a two-headed ogre
  7397 | D:9      | Noticed a brown ugly thing
  7398 | D:9      | Found a runed translucent door.
  7415 | D:9      | Noticed a boulder beetle
  7416 | D:9      | Noticed a centaur warrior
  7416 | D:9      | Noticed a centaur warrior
  7419 | D:9      | Noticed a deep elf pyromancer
  7502 | D:9      | Killed a centaur warrior
  7755 | D:9      | Killed a centaur warrior
  7756 | D:9      | Reached XP level 11. HP: 36/104 MP: 5/10
  7977 | D:9      | Killed a boulder beetle
  7978 | D:9      | Reached skill level 10 in Armour
  8209 | D:9      | Killed a deep elf pyromancer
  8318 | D:9      | Identified the +7 scale mail of Awyl {Will+ Int+8 Dex+3}
  8540 | D:9      | Noticed a brown ugly thing
  8555 | D:9      | Killed a brown ugly thing
  8668 | D:9      | Noticed a death knight
  8668 | D:9      | Noticed a deep elf pyromancer
  8672 | D:9      | Killed a deep elf pyromancer
  8673 | D:9      | Reached skill level 5 in Evocations
  8938 | D:10     | Entered Level 10 of the Dungeon
  9339 | D:10     | Found a bloodstained altar of Trog.
  9464 | D:10     | Noticed a two-headed ogre
  9472 | D:10     | Killed a two-headed ogre
  9822 | D:10     | Found a burning altar of Makhleb.
 10173 | D:2      | Bought a scroll of acquirement for 676 gold pieces
 10173 | D:2      | Acquired the +1 hat of Impressiveness {rF+ Slay+5}
 10472 | D:11     | Noticed a two-headed ogre
 10476 | D:11     | Killed a two-headed ogre
 10559 | D:11     | Found a staircase to the Orcish Mines.
 10603 | D:11     | Reached skill level 5 in Staves
 11028 | D:11     | Noticed Nergalle
 11046 | D:11     | Killed Nergalle
 11047 | D:11     | Reached XP level 12. HP: 113/113 MP: 11/11
 11617 | D:11     | Reached skill level 10 in Staves
 11647 | D:11     | Found a staircase to the Lair.
 11926 | Lair:1   | Entered Level 1 of the Lair of Beasts
 11987 | Lair:1   | Reached ***** piety under Wu Jian
 12313 | Lair:1   | Noticed a death yak
 12319 | Lair:1   | Killed a death yak
 12835 | Lair:2   | Noticed a four-headed hydra
 12843 | Lair:2   | Killed a four-headed hydra
 13223 | Lair:2   | Found a staircase to the Swamp.
 13449 | Lair:3   | Found a glowing golden altar of the Shining One.
 13535 | Lair:3   | Found a hole to the Spider Nest.
 13539 | Lair:3   | Reached XP level 13. HP: 124/124 MP: 12/12
 14414 | Lair:4   | Found a staircase to the Slime Pits.
 14414 | Lair:4   | Found a viscous altar of Jiyva.
 14526 | Lair:4   | Reached skill level 15 in Fighting
 14542 | Lair:4   | Noticed gyole's ghost (journeyman SpHu)
 14546 | Lair:4   | Found a runed translucent door.
 14985 | Slime:1  | Entered Level 1 of the Pits of Slime
 14985 | Slime:1  | Noticed a formless jellyfish
 14985 | Slime:1  | Noticed a formless jellyfish
 14985 | Slime:1  | Noticed an azure jelly
 15003 | Lair:5   | Entered Level 5 of the Lair of Beasts
 15374 | Lair:5   | Found a large runed translucent door.
 15374 | Lair:5   | Found a large runed translucent door.
 15409 | Lair:5   | Reached XP level 14. HP: 131/141 MP: 13/13
 16021 | D:12     | Reached ****** piety under Wu Jian
 16387 | D:12     | Noticed Nessos
 16400 | D:12     | Killed Nessos
 16793 | D:13     | Identified the +8 hand axe "Cecwerul" {flame, rPois rCorr
                  | Str+4}
 16938 | D:13     | Found a gate to the Vaults.
 17199 | D:14     | Noticed Roxanne
 17225 | D:14     | Reached skill level 15 in Armour
 17376 | D:14     | Reached skill level 5 in Dodging
 18211 | D:15     | Entered Level 15 of the Dungeon
 18300 | D:15     | Noticed Rupert
 18310 | D:15     | Killed Rupert
 18437 | D:15     | Found a runed translucent gate.
 18439 | D:15     | Found a runed translucent gate.
 18440 | D:15     | Found a runed translucent gate.
 18446 | D:15     | Noticed blade888's ghost (adept FoHu)
 18585 | D:15     | Found a sparkling altar of Nemelex Xobeh.
 18723 | D:15     | Found a staircase to the Depths.
 19292 | Swamp:1  | Entered Level 1 of the Swamp
 19292 | Swamp:1  | Noticed Frances
 19309 | Lair:2   | Killed Frances
 19310 | Lair:2   | Reached XP level 15. HP: 46/149 MP: 14/14
 19430 | Swamp:1  | Reached skill level 10 in Dodging
 20875 | Swamp:3  | Noticed a thorn hunter
 21046 | Swamp:3  | Killed a thorn hunter
 21297 | Swamp:4  | Entered Level 4 of the Swamp
 21318 | Swamp:4  | Noticed Mara
 21336 | Swamp:4  | Noticed Nikola
 21487 | Spider:1 | Entered Level 1 of the Spider Nest
 21561 | Spider:1 | You fall into a shaft and drop 1 floor!
 21575 | Spider:2 | Noticed Kirke
 21578 | Spider:2 | Noticed a sphinx
 22052 | Spider:1 | Reached skill level 10 in Evocations
 22113 | Spider:1 | Noticed an emperor scorpion
 22126 | Spider:1 | Killed an emperor scorpion
 22148 | Spider:1 | Reached XP level 16. HP: 161/161 MP: 15/15
 22411 | Spider:1 | Identified the +0 chain mail of Jaown {rCorr Int+4}
 22684 | Spider:2 | Noticed Asterion
 22688 | Spider:2 | Noticed an Executioner
 22701 | Spider:2 | Killed Asterion
 23050 | Spider:2 | Noticed Mlioglotl
 23064 | Spider:2 | Killed Mlioglotl
 23130 | Spider:2 | Killed Kirke
 23573 | Spider:3 | Found a runed translucent gate.
 23573 | Spider:3 | Found a runed translucent gate.
 23573 | Spider:3 | Found a runed translucent gate.
 23573 | Spider:3 | Noticed Ympuan's ghost (adept DsFi)
 23746 | Spider:3 | Identified the +6 mace "Loonenul" {freeze, rN+ rCorr Int+4
                  | SInv}
 24476 | Spider:4 | Entered Level 4 of the Spider Nest
 25034 | Spider:4 | Reached XP level 17. HP: 145/176 MP: 16/16
 25960 | Spider:4 | Got a gossamer rune of Zot
 26350 | Swamp:4  | Noticed Kenran's illusion
 26485 | Swamp:3  | Noticed Kenran's illusion
 26486 | Swamp:3  | Killed Mara
 26575 | Swamp:4  | Killed Nikola
 26615 | Swamp:4  | Identified the +4 tower shield of the Tormentor {rElec
                  | rPois Str+3}
 26615 | Swamp:4  | Noticed Louise
 26639 | Swamp:4  | Killed Louise
 27231 | Swamp:4  | Got a decaying rune of Zot
 27696 | Vaults:1 | Entered Level 1 of the Vaults
 27741 | Vaults:1 | Reached skill level 1 in Shields
 27796 | Vaults:1 | Found a crumbling gateway.
 27803 | Desolati | Entered the Desolation of Salt
 27813 | Desolati | Reached skill level 2 in Shields
 27854 | Desolati | Reached skill level 3 in Shields
 27916 | Desolati | Reached skill level 4 in Shields
 27924 | Desolati | Reached XP level 18. HP: 129/184 MP: 17/17
 27935 | Desolati | Reached skill level 5 in Shields
 27972 | Desolati | Reached skill level 6 in Shields
 27999 | Desolati | Reached skill level 7 in Shields
 27999 | Desolati | HP: 3/184 [ragged hierophant/a resonance strike (20)]
 28200 | Desolati | Reached skill level 8 in Shields
 28312 | Desolati | Reached skill level 9 in Shields
 28317 | Desolati | Identified the +8 chain mail of Submission {Str+3}
 28329 | Desolati | Found the +15 Maxwell's patent armour {-Cast -Tele rElec
                  | Will+ rCorr}
 28437 | Desolati | Identified the +6 orcbow "Roreorgh" {heavy, rF+ rCorr Dex+4
                  | Stlth-}
 28440 | Desolati | Identified the +1 long sword of Bydila Linu {freeze, rC+
                  | Int-4 Dex+4}
 28465 | Desolati | Reached skill level 10 in Shields
 28508 | Desolati | Identified the +1 falchion "Yhujout" {drain, rC++ Will+}
 28606 | Desolati | Reached skill level 11 in Shields
 28731 | Desolati | Got Tifycs's Almanac of Embers and Metamorphosis
 28804 | Desolati | Identified the ring "Natear" {rPois rF++ rC+ Will+ Int-2}
 28848 | Desolati | Identified the ring of the Trout {*Corrode rPois rF+ rN+++
                  | SInv}
 28900 | Desolati | Reached skill level 12 in Shields
 28926 | Desolati | Got Sif Muna's Grimoire of Despair and the Missiles
 29058 | Desolati | Identified the +0 ring mail of Repulsion {Will+ Regen+
                  | Int+2 Stlth+}
 29383 | Vaults:1 | Reached skill level 13 in Shields
 29601 | Vaults:1 | Reached skill level 14 in Shields
 29853 | Vaults:1 | Found the +10 Black Knight's barding {ponderous, rPois rN+}
 29862 | Vaults:1 | Noticed Donald
 29869 | Vaults:1 | Killed Donald
 30177 | Vaults:1 | Reached skill level 15 in Shields
 30181 | Vaults:1 | Identified the +7 long sword "Oboqaech" {distort, rC+ SInv}
 30388 | Vaults:2 | Reached XP level 19. HP: 191/191 MP: 18/18
 30509 | Vaults:2 | Reached skill level 16 in Shields
 30758 | Vaults:2 | Reached skill level 17 in Shields
 31160 | Vaults:2 | Reached skill level 18 in Shields
 31889 | Vaults:3 | Reached skill level 19 in Shields
 32330 | Vaults:3 | Reached skill level 20 in Shields
 32707 | Vaults:3 | Reached XP level 20. HP: 200/200 MP: 19/19
 32792 | Vaults:3 | Noticed Mennas
 32806 | Vaults:3 | Killed Mennas
 32938 | Vaults:3 | Found a staircase to the Crypt.
 33140 | Vaults:4 | Reached skill level 21 in Shields
 33308 | Vaults:4 | Noticed Frederick
 33322 | Vaults:4 | Killed Frederick
 33432 | Vaults:4 | Identified the +2 mace of Valiance {venom, rPois}
 33648 | Vaults:4 | Reached skill level 22 in Shields
 33880 | Vaults:4 | Found Gimicyaf's Antique Armour Shop.
 34651 | Orc:1    | Entered Level 1 of the Orcish Mines
 34958 | Orc:1    | Found Cugeuk's General Store.
 34969 | Orc:1    | Bought a scroll of blinking for 120 gold pieces
 34969 | Orc:1    | Bought a scroll of butterflies for 64 gold pieces
 35095 | Orc:2    | Entered Level 2 of the Orcish Mines
 35199 | Orc:2    | Noticed Urug
 35208 | Orc:2    | Found Ciuper's General Store.
 35210 | Orc:2    | Found Sozxingo's Antique Armour Shoppe.
 35217 | Orc:2    | Killed Urug
 35225 | Orc:2    | Found Pitewuadgh's Antique Weapon Shoppe.
 35527 | Orc:2    | Bought a phantom mirror for 480 gold pieces
 35540 | Orc:2    | Found Rexiov's Jewellery Shoppe.
 35652 | Orc:2    | Found a staircase to the Elven Halls.
 35824 | Orc:2    | Bought a glowing cloak for 195 gold pieces
 35903 | Orc:1    | Found a transporter.
 35904 | Orc:1    | Noticed dazzle's ghost (journeyman OgCj)
 35904 | Orc:1    | Identified the +6 great mace of Defilement {freeze, +Blink
                  | Fly MP+9}
 35904 | Orc:1    | Identified the +2 great mace of Oenomania {freeze, rN+++
                  | rCorr Int+3 Dex-5}
 35933 | Orc:1    | Found a transporter.
 35940 | Orc:1    | Killed dazzle's ghost
 35941 | Orc:1    | Reached skill level 23 in Shields
 36042 | Elf:1    | Entered Level 1 of the Elven Halls
 36454 | Elf:1    | Got Oworusk's Precepts of Bolts
 36464 | Elf:1    | Identified the +1 pair of boots "Tuymioss" {rN+ Will+}
 36669 | Elf:1    | Found Ysaahiyz's Antique Armour Shop.
 36672 | Elf:1    | Bought a pair of glowing gloves for 210 gold pieces
 36672 | Elf:1    | Bought a distressingly furry scarf for 280 gold pieces
 36672 | Elf:1    | Identified the scarf "Dydayxorch" {rC+ rF+, *Corrode rElec
                  | Dex+8} (You bought it in a shop on level 1 of the Elven
                  | Halls)
 37144 | Elf:2    | Identified the +7 bardiche "Beovitie" {freeze, Str+3 Int+4}
 37147 | Elf:2    | Found a runed translucent gate.
 37163 | Elf:2    | Found a runed translucent gate.
 37165 | Elf:2    | Found a runed translucent gate.
 37386 | Elf:2    | Reached skill level 24 in Shields
 37752 | Elf:3    | Entered Level 3 of the Elven Halls
 37880 | Elf:3    | Found Ojuullea's Overcharged Wands.
 37904 | Elf:3    | Bought a wand of light (18) for 1134 gold pieces
 37932 | Elf:3    | Reached XP level 21. HP: 196/207 MP: 20/20
 38042 | Elf:3    | Noticed Saint Roka
 38096 | Elf:3    | Killed Saint Roka
 38097 | Elf:3    | Reached skill level 25 in Shields
 38373 | Elf:3    | HP: 8/207 [deep elf sorcerer/damnation (30)]
 38791 | Elf:3    | Identified the ring of the Circus Animal {Fire *Corrode
                  | Will+++ Slay-3 Stlth+}
 38881 | Elf:3    | Got the Secrets of Molten Diablerie
 38894 | Elf:3    | Identified the staff of earth "Beucluh" {rCorr Stlth+}
 39371 | Depths:1 | Entered Level 1 of the Depths
 39421 | Depths:1 | Reached skill level 26 in Shields
 39722 | Depths:1 | Found a shimmering altar of Xom.
 39722 | Depths:1 | Found a shimmering altar of Xom.
 39766 | Depths:1 | Found a gateway to Hell.
 39887 | Depths:1 | Found a shimmering altar of Xom.
 39898 | Depths:1 | Found a shimmering altar of Xom.
 40068 | Depths:1 | Found a one-way gate leading to the halls of Pandemonium.
 40407 | Depths:2 | Noticed Sojobo
 40419 | Depths:2 | Killed Sojobo
 40434 | Depths:2 | Reached skill level 27 in Shields
 41531 | Depths:3 | Found a one-way gateway to a ziggurat.
 41553 | Depths:3 | Reached XP level 22. HP: 217/217 MP: 21/21
 41794 | Depths:3 | You fall into a shaft and drop 1 floor!
 41794 | Depths:4 | Entered Level 4 of the Depths
 41804 | Depths:4 | Noticed a juggernaut
 41821 | Depths:4 | Killed a juggernaut
 42273 | Depths:4 | Noticed a golden dragon
 42274 | Depths:4 | Found a gate to the Realm of Zot.
 42286 | Depths:4 | Killed a golden dragon
 42568 | Depths:4 | Found Tunany's Firing Range.
 42908 | Depths:3 | Found an ancient bone altar of Kikubaaqudgha.
 43398 | Depths:3 | Found a one-way gate to the infinite horrors of the Abyss.
 44274 | Lair:4   | Killed gyole's ghost
 44602 | Depths:3 | Voluntarily entered the Abyss.
 44602 | Abyss:1  | Found a corrupted altar of Lugonu.
 44643 | Abyss:1  | Found a corrupted altar of Lugonu.
 44757 | Abyss:2  | Found a corrupted altar of Lugonu.
 44827 | Abyss:2  | Found a corrupted altar of Lugonu.
 44920 | Abyss:2  | Found a corrupted altar of Lugonu.
 44993 | Abyss:2  | Found a corrupted altar of Lugonu.
 45146 | Abyss:2  | Found a corrupted altar of Lugonu.
 45285 | Abyss:2  | Reached XP level 23. HP: 205/227 MP: 10/17
 45295 | Abyss:2  | Gained mutation: Armour fits poorly on your strangely
                  | shaped body. [a cacodemon]
 45624 | Abyss:3  | Reached skill level 15 in Dodging
 46188 | Abyss:3  | Got an abyssal rune of Zot
 46212 | Depths:3 | Escaped the Abyss
 46286 | Depths:3 | Lost mutation: Armour fits poorly on your strangely shaped
                  | body. [potion of mutation]
 46286 | Depths:3 | Gained mutation: You have a pair of large horns on your
                  | head. [potion of mutation]
 46286 | Depths:3 | Gained mutation: Your mind is acute. (Int +4, Str/Dex -1)
                  | [potion of mutation]
 46365 | Zot:1    | Entered Level 1 of the Realm of Zot
 46365 | Zot:1    | Noticed an orb of fire
 46374 | Zot:1    | Killed an orb of fire
 46697 | Zot:1    | Reached skill level 15 in Evocations
 47039 | Zot:1    | Found a huge runed gate.
 47039 | Zot:1    | Found a huge runed gate.
 47039 | Zot:1    | Found a huge runed gate.
 47039 | Zot:1    | Found a huge runed gate.
 47039 | Zot:1    | Found a huge runed gate.
 47039 | Zot:1    | Found a huge runed gate.
 47039 | Zot:1    | Found a huge runed gate.
 47039 | Zot:1    | Found a huge runed gate.
 47044 | Zot:1    | Found a huge runed gate.
 47044 | Zot:1    | Found a huge runed gate.
 47044 | Zot:1    | Found a huge runed gate.
 47044 | Zot:1    | Found a huge runed gate.
 47044 | Zot:1    | Found a huge runed gate.
 47172 | Zot:1    | Found a huge runed gate.
 47173 | Zot:1    | Found a huge runed gate.
 47173 | Zot:1    | Found a huge runed gate.
 47173 | Zot:1    | Found a huge runed gate.
 47174 | Zot:1    | Found a huge runed gate.
 47174 | Zot:1    | Found a huge runed gate.
 47174 | Zot:1    | Found a huge runed gate.
 47175 | Zot:1    | Found a huge runed gate.
 47176 | Zot:1    | Found a huge runed gate.
 47177 | Zot:1    | Found a huge runed gate.
 47178 | Zot:1    | Found a huge runed gate.
 47179 | Zot:1    | Found a huge runed gate.
 47180 | Zot:1    | Found a huge runed gate.
 47181 | Zot:1    | Identified the +4 plate armour "Fourif" {Harm rC+ Int+2
                  | SInv}
 47186 | Zot:1    | Identified the ring of Virtue {Contam Will+ Str+6 Int+3}
 47276 | Zot:1    | Found a huge runed gate.
 47276 | Zot:1    | Found a huge runed gate.
 47276 | Zot:1    | Found a huge runed gate.
 47276 | Zot:1    | Found a huge runed gate.
 47328 | Zot:1    | Found a huge runed gate.
 47328 | Zot:1    | Found a huge runed gate.
 47328 | Zot:1    | Found a huge runed gate.
 47329 | Zot:1    | Found a huge runed gate.
 47329 | Zot:1    | Found a huge runed gate.
 47337 | Zot:1    | Found a huge runed gate.
 47417 | Zot:2    | Noticed an orb of fire
 47423 | Zot:2    | Gained mutation: Your magical capacity is low. (-10% MP)
                  | [an orb of fire]
 47436 | Zot:2    | Gained mutation: You are frail. (-10% HP) [an orb of fire]
 47437 | Zot:2    | Killed an orb of fire
 47896 | Zot:2    | Reached XP level 24. HP: 179/214 MP: 19/19
 48122 | Zot:2    | Acquired the +10 tower shield of Ignorance {rN+ Int-4}
 48122 | Zot:2    | Found the +10 tower shield of Ignorance {rN+ Int-4}
 48125 | Zot:2    | Lost mutation: You have a pair of large horns on your head.
                  | [potion of mutation]
 48125 | Zot:2    | Lost mutation: Your magical capacity is low. (-10% MP)
                  | [potion of mutation]
 48125 | Zot:2    | Lost mutation: Your mind is acute. (Int +4, Str/Dex -1)
                  | [potion of mutation]
 48125 | Zot:2    | Gained mutation: Your system is resistant to poisons.
                  | (rPois) [potion of mutation]
 48695 | Zot:2    | Identified the ring of Celugety {Wiz rPois Will+}
 50118 | Zot:4    | Noticed an orb of fire
 50119 | Zot:4    | Gained mutation: Armour fits poorly on your strangely
                  | shaped body. [an orb of fire]
 50125 | Zot:4    | Gained mutation: You have hidden genetic defects. [an orb
                  | of fire]
 50128 | Zot:4    | Gained mutation: You are clumsy. (Dex -2) [an orb of fire]
 50146 | Zot:3    | Killed an orb of fire
 50536 | Zot:4    | Gained mutation: You occasionally lose the ability to drink
                  | potions when taking damage. [hidden defects]
 50559 | Zot:4    | Lost mutation: Armour fits poorly on your strangely shaped
                  | body. [potion of mutation]
 50559 | Zot:4    | Lost mutation: You are clumsy. (Dex -2) [potion of
                  | mutation]
 50559 | Zot:4    | Gained mutation: You have large cloven feet. [potion of
                  | mutation]
 50559 | Zot:4    | Gained mutation: You passively dampen the noise of your
                  | surroundings. [potion of mutation]
 50560 | Zot:4    | Lost mutation: You have large cloven feet. [potion of
                  | mutation]
 50560 | Zot:4    | Lost mutation: You passively dampen the noise of your
                  | surroundings. [potion of mutation]
 50560 | Zot:4    | Gained mutation: Your muscles are strong. (Str +4, Int/Dex
                  | -1) [potion of mutation]
 50560 | Zot:4    | Gained mutation: Your muscles are very strong. (Str +8,
                  | Int/Dex -2) [potion of mutation]
 50560 | Zot:4    | Gained mutation: You are agile. (Dex +4, Str/Int -1)
                  | [potion of mutation]
 50561 | Zot:4    | Lost mutation: Your system is resistant to poisons. (rPois)
                  | [potion of mutation]
 50561 | Zot:4    | Lost mutation: You are agile. (Dex +4, Str/Int -1) [potion
                  | of mutation]
 50561 | Zot:4    | Lost mutation: You occasionally lose the ability to drink
                  | potions when taking damage. [potion of mutation]
 50561 | Zot:4    | Gained mutation: You passively map a small area around you.
                  | [potion of mutation]
 50561 | Zot:4    | Lost mutation: You have hidden genetic defects. [potion of
                  | mutation]
 50561 | Zot:4    | Gained mutation: You are partially covered in iridescent
                  | scales. (AC +2) [potion of mutation]
 50561 | Zot:4    | Gained mutation: Your flesh is cold resistant. (rC+)
                  | [potion of mutation]
 50821 | Zot:4    | Noticed a Killer Klown
 50834 | Zot:4    | Killed a Killer Klown
 51037 | Zot:4    | Identified the +10 quarterstaff of Dissent {pain, rF- rN+
                  | SInv}
 51405 | Zot:4    | Found a stormy altar of Qazlal.
 51444 | Zot:5    | Entered Level 5 of the Realm of Zot
 51484 | Zot:5    | Identified the +7 chain mail of Ehot {*Corrode rElec rC++
                  | Stlth+}
 51542 | Zot:5    | Reached XP level 25. HP: 224/224 MP: 22/22
 52733 | Zot:5    | Noticed an ancient lich
 53101 | Zot:5    | Killed an ancient lich
 53179 | Zot:5    | Noticed a Killer Klown
 53180 | Zot:5    | Noticed a Killer Klown
 53188 | Zot:5    | Noticed a Killer Klown
 53217 | Zot:5    | Killed a Killer Klown
 53218 | Zot:5    | Killed a Killer Klown
 53229 | Zot:5    | Killed a Killer Klown
 53311 | Zot:5    | Noticed an orb of fire
 53337 | Zot:5    | Killed an orb of fire
 54403 | Zot:5    | Got the Orb of Zot
 54986 | D:9      | Noticed Itsoefee the pandemonium lord
 54998 | D:9      | Killed Itsoefee the pandemonium lord
 55109 | D:$      | Escaped with the Orb!

Illustrated notes

Levels and vault maps discovered:
D:1:      dpeg_arrival_windows_large_door, layout_loops_ring
D:2:      layout_rooms, serial_shops, nicolae_shop_tiny_glass,
          nicolae_shop_bloodbath_and_beyond, nicolae_shop_tiny_glass,
          nicolae_shop_tiny_real_fake_doors, basic_altar, eino_tiny_chamber
D:3:      layout_loops_corners, amethyst_overflow_temple_binary,
          grunt_decor_fettered
D:4:      layout_cave_pools, general_overflow_altar, uniq_robin
D:5:      layout_rooms, elyvilon_altar_1, serial_shops, shop,
          uniq_crazy_yiuf_cottage
D:6:      layout_rooms, vehumet_statue, temple_hall, hangedman_decor_riveting
D:7:      layout_cave_pools, nicolae_uskayaw_suspiria, old_standard_altar,
          enter_ossuary_1, hangedman_misty_isle
D:8:      layout_basic, kennysheep_generic_room_14
D:9:      minmay_the_grid_triangle_9x9_rhombus_thin
          [minmay_the_grid_triangle_9x9_fully_insulated_deathbox,
          minmay_the_grid_triangle_9x9_prize_center,
          minmay_the_grid_triangle_9x9_windchime,
          minmay_the_grid_triangle_9x9_tough_junction], layout_cave_pools,
          nicolae_sif_muna_condensation, nicolae_overflow_crystal_walls,
          mainiacjoe_overflow_alcove_4, minivault_10, minivault_13
D:10:     layout_basic, mainiacjoe_overflow_alcove_2, tgw_trog
D:11:     layout_loops_ring, erik_lair_dragon, orc_david_3, serial_demonic,
          serial_demonic_d, serial_demonic_e, serial_demonic_e,
          serial_demonic_d, serial_demonic_g, serial_demonic_b,
          serial_demonic_b, serial_bayou_lake_a, uniq_nergalle
D:12:     layout_loops_ring, uniq_nessos
D:13:     layout_cave_pools, david_vaults_1
D:14:     layout_roguey, minmay_door_square, serial_bayou,
          serial_bayou_lagoon_a, serial_bayou_crossing, serial_bayou_shore_a,
          serial_bayou_pond_e, roderic_lattice_a, uniq_roxanne
D:15:     grunt_enter_depths_hoard, layout_gridville,
          maelrawn_ghost_gauntlet_escape, nemelex_diamond_rough_becter,
          special_room [special_room_orc], minmay_misc_feat_rugged, uniq_rupert
Temple:   nicolae_temple_ecumenical_triangle
Lair:1:   kb_forest_paths, layout_long_grid
Lair:2:   layout_cave_shapes, minmay_swamp_entry_worms,
          infiniplex_staircase_pool_2
Lair:3:   layout_chaotic_city, spider_nest_entry_webs, basic_altar,
          eino_small_chamber_without_monster, infiniplex_staircase_pool,
          grunt_megastairs_1
Lair:4:   layout_concentric_octagons, slime_entry_1,
          hellmonk_ghost_happy_afterlife, cheibrodos_lair_reptile_den
Lair:5:   cheibrodos_lair_end_hotspot, layout_hall_layers, minivault_26,
          serial_bayou_ford_a
Swamp:1:  layout_basic_swamp, wheals_swamp_sinkhole, swamp_pool4, uniq_frances
Swamp:2:  nicolae_swamp_ascending_descending, layout_basic_swamp,
          serial_swamp_ruin, evilmike_swamp_ruin_rubble_2,
          evilmike_swamp_ruin_house_5, evilmike_swamp_ruin_house_2
Swamp:3:  layout_basic_swamp, nicolae_swamp_long_stream
Swamp:4:  swamp_basic_johnstein, layout_basic_swamp, uniq_mara, uniq_louise,
          uniq_nikola
Spider:1: layout_spider_delve
Spider:2: layout_spider_delve, uniq_asterion, uniq_mlioglotl, uniq_kirke
Spider:3: nicolae_spider_mines_1, ebering_ghost_rock_garden
Spider:4: spider_rune_water, guppyfry_spider_mini_2
Slime:1:  layout_caves
Orc:1:    layout_diamond_mine, portal_ice_cave_entry_ice_simulacra,
          serial_shops, shop, gammafunk_ghost_smash, minmay_orc_temple_c
Orc:2:    grunt_orc_cross, layout_diamond_mine
Elf:1:    nicolae_elf_arrival_no_cutting_in_line, layout_loops_corners,
          serial_shops, nicolae_shop_pleasant_corner_grove,
          minmay_elf_annihilation, nicolae_elf_glass_and_crystal_pillar_2,
          nicolae_elf_variegated_diamond, lemuel_upstairs_altar
Elf:2:    elven_hall_of_blades_hangedman_original [mumra_blade_entry_bloodbath],
          layout_geoelf_octagon
Elf:3:    elf_hall, layout_gridlike, nicolae_shop_overcharged_wands,
          uniq_saint_roka
Vaults:1: portal_desolation_entry_nicolae_slug, v_misc_13,
          nicolae_vaults_specimen_jars, ontoclasm_vaults_claustrophobia,
          nicolae_vaults_closet_pinwheel_3, nicolae_vaults_apartment_1,
          vaults_dpeg_hooks, vaults_room_ringed_pool,
          nicolae_vaults_little_squares_1, v_misc_8, hangedman_vaults_nails,
          nicolae_vaults_angled_halls, nicolae_vaults_more_shelving_2,
          nicolae_vaults_shelves_hall, v_misc_8, nicolae_vaults_diamond_2,
          v_misc_13, layout_vaults_omnibox, uniq_donald
Vaults:2: nicolae_vaults_closet_pinwheel_5, nicolae_vaults_storage_room_water,
          nicolae_vaults_closet_pinwheel_5, hangedman_vaults_stream,
          nicolae_vaults_windows_and_doors_thing, st_squares,
          nicolae_vaults_three_branches, nicolae_vaults_trapezoid_lopsided_1,
          grunt_vaults_hallway_short, layout_vaults_chaotic_city
Vaults:3: vaults_room_large_hall, blue_anna_dwarven_crypt,
          nicolae_vaults_alarming, vaults_dpeg_spiral, nicolae_vaults_cochlea,
          vaults_mumra_hex, v_misc_18, nicolae_vaults_apartment_1,
          grunt_vaults_swirl, nicolae_vaults_wine_cellar,
          nicolae_vaults_ellipses_ellipsis, vaults_room_fancy_cross,
          grunt_vaults_hallway_long, vaults_room_stairs_pillars,
          layout_vaults_maze, uniq_mennas
Vaults:4: nicolae_vaults_network_periphery, v_misc_27,
          nicolae_vaults_stepped_doors, nicolae_vaults_more_shelving_1,
          v_rooms_3, nicolae_vaults_tetromino_Z_1, vaults_room_pool,
          nicolae_vaults_yaktaur_gun_rack, layout_vaults_omnigrid, serial_shops,
          shop_fountains, uniq_frederick
Depths:1: layout_honeycomb, hangedman_abyss_or_decor_stagger, hell_entry,
          rand_demon_pan_entry_5, xom_redecorated
Depths:2: nicolae_cairo_tiling_large_dashed, layout_long_grid,
          grunt_hell_entry_dis_old, rand_demon_pan_entry_7, serial_glass,
          glass_columns_a, glass_columns_a, uniq_sojobo
Depths:3: evilmike_negative_zone, layout_basic, enter_ziggurat_a,
          abyss_entry_glasseish, hex_intersection, hell_entry
Depths:4: grunt_zot_entry_hairpin, layout_cave_pools, hell_entry,
          minmay_misc_feat_square, chequers_serial_rivers_room_b,
          nicolae_shop_firing_range
Zot:1:    layout_misc_corridors, not_door_vault_due
Zot:2:    hangedman_orp_of_zott, layout_basic
Zot:3:    layout_basic
Zot:4:    kennysheep_spiral_hall, layout_gridlike, basic_altar,
          grunt_ministairs_1
Zot:5:    layout_gridlike

Skill      XL: |  1  2  3  4  5  6  7  8  9 10 11 12 13 14 15 16 17 18 19 20 21 22 23 24 25 |
---------------+----------------------------------------------------------------------------+-----
Polearms       | 4 5 7 8 9 10 12 13 14 | 14.3
Fighting       | 6 10 12 14 17 18 19 22 23 24 25 | 25.1
Armour         | 6 9 10 11 12 15 16 18 20 21 22 23 | 23.4
Evocations     | 5 6 8 10 13 14 15 17 20 | 20.1
Staves         | 7 10 | 10.7
Dodging        | 9 10 14 17 18 | 18.3
Shields        | 4 15 20 24 27 | 27.0

Action                     |  1- 3 |  4- 6 |  7- 9 | 10-12 | 13-15 | 16-18 | 19-21 | 22-24 | 25-27 || total
---------------------------+-------+-------+-------+-------+-------+-------+-------+-------+-------++-------
  Melee: Spear             |    79 |    61 |       |       |       |       |       |       |       ||   140
         Headbutt          |    14 |    14 |    92 |   143 |   170 |   331 |   467 |   794 |   133 ||  2158
         Trident           |       |    49 |   370 |   288 |    23 |       |       |       |       ||   730
         Lajatang          |       |       |       |   242 |   705 |  1292 |       |       |       ||  2239
         Hand axe          |       |       |       |       |    31 |    42 |       |       |       ||    73
         Punch             |       |       |       |       |     1 |       |       |       |       ||     1
         Demon trident     |       |       |       |       |       |    10 |  2002 |  2733 |   482 ||  5227
 Invoke: Serpent's Lash    |       |       |       |       |       |     8 |     7 |     5 |     1 ||    21
         Heavenly Storm    |       |       |       |       |       |     1 |     2 |       |       ||     3
Ability: Whirlwind         |       |       |    33 |    15 |    87 |   296 |   319 |   301 |    49 ||  1100
         Lunge             |       |       |     3 |    25 |    70 |    79 |    36 |    43 |     6 ||   262
         Wall Jump         |       |       |       |     1 |       |       |     7 |     4 |     2 ||    14
  Evoke: Wand              |       |       |       |     5 |       |     4 |       |     1 |       ||    10
         Box of beasts     |       |       |       |       |       |     2 |     1 |       |       ||     3
         Condenser vane    |       |       |       |       |       |       |     1 |     1 |       ||     2
    Use: Scroll            |       |     7 |     4 |    15 |     9 |    11 |     4 |     6 |       ||    56
         Potion            |       |       |     3 |       |     1 |    12 |     7 |    10 |     3 ||    36
   Stab: Distracted        |       |       |       |     1 |       |       |       |     1 |       ||     2
         Invisible         |       |       |       |       |       |     1 |       |       |       ||     1
         Petrified         |       |       |       |       |       |       |       |    21 |       ||    21
         Confused          |       |       |       |       |       |       |       |       |     1 ||     1
 Armour: Plate armour      |    43 |    70 |   188 |   223 |   442 |   754 |   338 |   420 |    52 ||  2530
  Dodge: Dodged            |    16 |    17 |    91 |   116 |   315 |   914 |   321 |   619 |    93 ||  2502
  Block: Tower shield      |       |       |       |       |       |    10 |  1225 |  1775 |   250 ||  3260

Table legend: (Time is in decaauts)
 A = Elapsed time spent in this place.
 B = Non-inter-level travel time spent in this place.
 C = Inter-level travel time spent in this place.
 D = Time resting spent in this place.
 E = Time spent auto-exploring this place.
 F = Levels seen in this place.
 G = Mean time per level.
                   A        B        C        D        E       F      G
               +--------+--------+--------+--------+--------+-----+--------+
         Total |  53352 |  48867 |   4485 |   7846 |  28860 |  53 | 1006.6 |
       Dungeon |  15702 |  13674 |   2028 |   2310 |   8955 |  15 | 1046.8 |
        Temple |     31 |     25 |      6 |      0 |      0 |   1 |   31.0 |
          Lair |   4404 |   3832 |    572 |    362 |   2761 |   5 |  880.8 |
         Swamp |   3520 |   3239 |    281 |    819 |   1642 |   4 |  880.0 |
   Spider Nest |   4596 |   4465 |    131 |   1174 |   2089 |   4 | 1149.0 |
    Slime Pits |      1 |      1 |      0 |      0 |      0 |   1 |    1.0 |
  Orcish Mines |   1406 |   1210 |    196 |      0 |    887 |   2 |  703.0 |
   Elven Halls |   2989 |   2778 |    211 |    160 |   1778 |   3 |  996.3 |
        Vaults |   5185 |   4824 |    361 |    270 |   3396 |   4 | 1296.2 |
        Depths |   4721 |   4262 |    459 |    314 |   2778 |   4 | 1180.2 |
           Zot |   7683 |   7445 |    238 |   1594 |   3652 |   5 | 1536.6 |
         Abyss |   1381 |   1381 |      0 |    367 |    292 |   3 |  460.3 |
       Ossuary |    279 |    279 |      0 |      0 |    173 |   1 |  279.0 |
    Desolation |   1449 |   1449 |      0 |    473 |    456 |   1 | 1449.0 |
               +--------+--------+--------+--------+--------+-----+--------+

Top non-repeatable levels by time:
   Zot:5: 2900 daAuts
    D:11: 1936 daAuts
     D:9: 1909 daAuts
Depths:3: 1532 daAuts
     D:8: 1526 daAuts
Vaults:2: 1474 daAuts
   Zot:2: 1460 daAuts
Desolation: 1449 daAuts
Spider:4: 1402 daAuts
    D:14: 1286 daAuts
Vaults:4: 1282 daAuts
   Zot:4: 1254 daAuts
Vaults:3: 1222 daAuts
Spider:3: 1217 daAuts
Vaults:1: 1206 daAuts
